DSL
DSL CHICAGO (A) WHITE SOX @ DSL OTTAWA LYNX
06/02/2042
 
TOP OF THE 1ST
DSL Chicago (A) White Sox batting - Pitching for DSL Ottawa Lynx : RHP José Correa
Pitching: RHP José Correa
Batting: RHB Juan López 0-0: TRIPLE (Flyball, 9LD, EV 105.0 MPH)
Batting: LHB José Morán 0-0: Foul Ball, location: 2RF
0-1: Ball
1-1: 2-RUN HOME RUN (Flyball, 9D, EV 93.8 MPH), Distance : 353 ft
Batting: RHB Alain Verdier 0-0: Called Strike
0-1: Ball
1-1: SOLO HOME RUN (Flyball, 7D, EV 95.6 MPH), Distance : 348 ft
Batting: RHB José Gutiérrez 0-0: Foul Ball, location: 2F
0-1: Foul Ball, location: 2F
0-2: Ball
1-2: Foul Ball, location: 5FF
1-2: Foul Ball, location: 5FF
1-2: Foul Ball, location: 23FF
1-2: DOUBLE (Flyball, 78D, EV 111.9 MPH)
Batting: RHB Luis Aguilera 0-0: Ball
1-0: Called Strike
1-1: Ground out 4-3 (Groundball, 4, EV 86.3 MPH)
José Gutiérrez to third
Batting: RHB Artie Russell 0-0: 2-RUN HOME RUN (Flyball, 9LD, EV 95.0 MPH), Distance : 353 ft
Batting: SHB Don Pierce 0-0: Ball
1-0: Swinging Strike
1-1: Swinging Strike
1-2: Strikes out swinging
Batting: RHB Enrico Martínez 0-0: Foul Ball, location: 23F
0-1: Ball
1-1: Foul Ball, location: 7LMF
1-2: Ball
2-2: Ball
3-2: Foul Ball, location: 2F
3-2: Fly out, F9 (Flyball, 9LM, EV 87.5 MPH)
Top of the 1st over - 5 runs, 5 hits, 0 errors, 0 left on base; DSL Chicago (A) 5 - DSL Ottawa 0
BOTTOM OF THE 1ST
DSL Ottawa Lynx batting - Pitching for DSL Chicago (A) White Sox : RHP Arturo Delgado
Pitching: RHP Arturo Delgado
Batting: LHB José Ramos 0-0: Ball
1-0: Ball
2-0: Called Strike
2-1: Swinging Strike
2-2: Foul Ball, location: 2F
2-2: Ball
3-2: Strikes out looking
Batting: RHB Luis Muxo 0-0: Called Strike
0-1: Swinging Strike
0-2: Strikes out swinging
Batting: SHB Leonardo Pineda 0-0: Foul Ball, location: 2F
0-1: Ball
1-1: Ball
2-1: Swinging Strike
2-2: Ball
3-2: SINGLE (Groundball, 4M, EV 107.5 MPH)
Batting: LHB Sergio Soriano 0-0: Ball
1-0: Hit by Pitch
Leonardo Pineda to second
Batting: RHB Ricky Fleming 0-0: Called Strike
0-1: Called Strike
0-2: Foul Ball, location: 2F
0-2: Ball
1-2: Foul Ball, location: 2F
1-2: Strikes out swinging
Bottom of the 1st over - 0 runs, 1 hit, 0 errors, 2 left on base; DSL Chicago (A) 5 - DSL Ottawa 0
TOP OF THE 2ND
DSL Chicago (A) White Sox batting - Pitching for DSL Ottawa Lynx : RHP José Correa
Batting: SHB Erik Byrd 0-0: Called Strike
0-1: Foul Ball, location: 3FF
0-2: Strikes out swinging
Batting: RHB Juan López 0-0: Ball
1-0: Called Strike
1-1: Ball
2-1: Fly out, F8 (Flyball, 8LD, EV 89.4 MPH)
Batting: LHB José Morán 0-0: Called Strike
0-1: Ball
1-1: Ball
2-1: Ball
3-1: Base on Balls
Batting: RHB Alain Verdier 0-0: Ball
1-0: Ball
2-0: Called Strike
2-1: Swinging Strike
2-2: Ball
3-2: SINGLE (Groundball, 34D, EV 105.0 MPH)
José Morán to second
José Morán to third
Batting: RHB José Gutiérrez 0-0: Ball
1-0: Ball
2-0: Called Strike
2-1: Foul Ball, location: 2F
2-2: Foul Ball, location: 7LSF
2-2: Foul Ball, location: 23F
2-2: Foul Ball, location: 5F
2-2: Foul Ball, location: 25F
2-2: Fly out, F3 (Popup, 34, EV 57.5 MPH)
Top of the 2nd over - 0 runs, 1 hit, 0 errors, 2 left on base; DSL Chicago (A) 5 - DSL Ottawa 0
BOTTOM OF THE 2ND
DSL Ottawa Lynx batting - Pitching for DSL Chicago (A) White Sox : RHP Arturo Delgado
Batting: LHB José Acosta 0-0: Called Strike
0-1: Swinging Strike
0-2: Fly out, F7 (Line Drive, 78M, EV 84.4 MPH)
Batting: SHB Doug Shaw 0-0: Foul Ball, location: 2F
0-1: Foul Ball, location: 7LDF
0-2: Ball
1-2: Strikes out swinging
Batting: LHB Bernardo Esparza 0-0: Ball
1-0: Swinging Strike
1-1: Foul Ball, location: 2F
1-2: Strikes out swinging
Bottom of the 2nd over - 0 runs, 0 hits, 0 errors, 0 left on base; DSL Chicago (A) 5 - DSL Ottawa 0
TOP OF THE 3RD
DSL Chicago (A) White Sox batting - Pitching for DSL Ottawa Lynx : RHP José Correa
Batting: RHB Luis Aguilera 0-0: Ball
1-0: Called Strike
1-1: Foul Ball, location: 2F
1-2: Ball
2-2: SINGLE (Line Drive, 8LS, EV 95.0 MPH)
Pitching: RHP Juan García
Batting: RHB Artie Russell 0-0: Ball
1-0: Ball
2-0: Fly out, F8 (Line Drive, 8RD, EV 90.6 MPH)
Batting: SHB Don Pierce 0-0: Ball
Luis Aguilera steals 2nd base
1-0: Foul Ball, location: 7LMF
1-1: Ball
2-1: Called Strike
2-2: Ground out 6-3 (Groundball, 6, EV 88.1 MPH)
Luis Aguilera to third
Batting: RHB Enrico Martínez 0-0: Ball
1-0: Ball
2-0: Ball
3-0: Called Strike
3-1: Foul Ball, location: 25F
3-2: Foul Ball, location: 25F
3-2: Foul Ball, location: 2F
3-2: Strikes out looking
Top of the 3rd over - 0 runs, 1 hit, 0 errors, 1 left on base; DSL Chicago (A) 5 - DSL Ottawa 0
BOTTOM OF THE 3RD
DSL Ottawa Lynx batting - Pitching for DSL Chicago (A) White Sox : RHP Arturo Delgado
Batting: RHB Lúcio Pérez 0-0: Swinging Strike
0-1: Fly out, F3 (Popup, 3SF, EV 85.6 MPH)
Batting: LHB José Ramos 0-0: Called Strike
0-1: Called Strike
0-2: Ball
1-2: Ball
2-2: Strikes out looking
Batting: RHB Luis Muxo 0-0: Ball
1-0: Ball
2-0: Ball
3-0: Called Strike
3-1: Ground out 4-3 (Groundball, 4, EV 85.6 MPH)
Bottom of the 3rd over - 0 runs, 0 hits, 0 errors, 0 left on base; DSL Chicago (A) 5 - DSL Ottawa 0
TOP OF THE 4TH
DSL Chicago (A) White Sox batting - Pitching for DSL Ottawa Lynx : RHP Juan García
Batting: SHB Erik Byrd 0-0: Ball
1-0: Fly out, F8 (Flyball, 8RM, EV 96.9 MPH)
Batting: RHB Juan López 0-0: Ball
1-0: Ball
2-0: Ball
3-0: Called Strike
3-1: Base on Balls
Batting: LHB José Morán 0-0: Called Strike
0-1: Swinging Strike
0-2: Ball
1-2: Fielders Choice at 2nd, 6-4 (Groundball, 6M, EV 102.5 MPH)
Batting: RHB Alain Verdier 0-0: Ball
1-0: TRIPLE (Line Drive, 78XD, EV 103.1 MPH)
José Morán scores
Batting: RHB José Gutiérrez 0-0: Swinging Strike
0-1: Ball
1-1: Ball
2-1: Called Strike
2-2: Ball
3-2: Foul Ball, location: 5F
3-2: 2-RUN HOME RUN (Flyball, 9LD, EV 90.6 MPH), Distance : 332 ft
Batting: RHB Luis Aguilera 0-0: Ball
1-0: Called Strike
1-1: Ball
2-1: Swinging Strike
2-2: Ball
3-2: Base on Balls
Batting: RHB Artie Russell 0-0: Ball
1-0: Ball
2-0: Called Strike
2-1: Ball
3-1: 2-RUN HOME RUN (Line Drive, 9D, EV 95.6 MPH), Distance : 356 ft
Pitching: RHP Jorge Colón
Batting: SHB Don Pierce 0-0: Ball
1-0: Foul Ball, location: 2F
1-1: Ball
2-1: Foul Ball, location: 7LSF
2-2: Ball
3-2: Strikes out swinging
Top of the 4th over - 5 runs, 3 hits, 0 errors, 0 left on base; DSL Chicago (A) 10 - DSL Ottawa 0
BOTTOM OF THE 4TH
DSL Ottawa Lynx batting - Pitching for DSL Chicago (A) White Sox : RHP Arturo Delgado
Batting: SHB Leonardo Pineda 0-0: Swinging Strike
0-1: Called Strike
0-2: Ball
1-2: Foul Ball, location: 2F
1-2: Foul Ball, location: 25F
1-2: Ball
2-2: Ball
3-2: Strikes out swinging
Batting: LHB Sergio Soriano 0-0: DOUBLE (Line Drive, 8LXD, EV 103.8 MPH)
Batting: RHB Ricky Fleming 0-0: Ball
1-0: Called Strike
1-1: Ball
2-1: Foul Ball, location: 25F
2-2: Ball
3-2: Foul Ball, location: 7LDF
3-2: Ground out 5-3 (Groundball, 56, EV 83.1 MPH)
Batting: LHB José Acosta 0-0: Called Strike
0-1: Ball
1-1: Ground out U3 (Groundball, 34S, EV 80.0 MPH)
Bottom of the 4th over - 0 runs, 1 hit, 0 errors, 1 left on base; DSL Chicago (A) 10 - DSL Ottawa 0
TOP OF THE 5TH
DSL Chicago (A) White Sox batting - Pitching for DSL Ottawa Lynx : RHP Jorge Colón
Batting: RHB Enrico Martínez 0-0: Called Strike
0-1: Ball
1-1: Foul Ball, location: 3DF
1-2: Strikes out swinging
Batting: SHB Erik Byrd 0-0: Called Strike
0-1: Called Strike
0-2: Strikes out swinging
Batting: RHB Juan López 0-0: Ball
1-0: Ball
2-0: Called Strike
2-1: Foul Ball, location: 9LMF
2-2: Ball
3-2: Fly out, F8 (Line Drive, 8RM, EV 91.3 MPH)
Top of the 5th over - 0 runs, 0 hits, 0 errors, 0 left on base; DSL Chicago (A) 10 - DSL Ottawa 0
BOTTOM OF THE 5TH
DSL Ottawa Lynx batting - Pitching for DSL Chicago (A) White Sox : RHP Arturo Delgado
Batting: SHB Doug Shaw 0-0: Called Strike
0-1: Called Strike
0-2: Strikes out swinging
Batting: LHB Bernardo Esparza 0-0: Foul Ball, location: 5SF
0-1: Ball
1-1: Ball
2-1: Swinging Strike
2-2: DOUBLE (Line Drive, 89D, EV 96.3 MPH)
Batting: RHB Lúcio Pérez 0-0: Ball
1-0: Ball
2-0: Foul Ball, location: 7LSF
2-1: Ball
3-1: Swinging Strike
3-2: Strikes out swinging
Batting: LHB José Ramos 0-0: Ball
1-0: Foul Ball, location: 25F
1-1: Foul Ball, location: 2F
1-2: Strikes out swinging
Bottom of the 5th over - 0 runs, 1 hit, 0 errors, 1 left on base; DSL Chicago (A) 10 - DSL Ottawa 0
TOP OF THE 6TH
DSL Chicago (A) White Sox batting - Pitching for DSL Ottawa Lynx : RHP Jorge Colón
Batting: LHB José Morán 0-0: Ball
1-0: Called Strike
1-1: Fly out, F9 (Flyball, 89M, EV 75.6 MPH)
Batting: RHB Alain Verdier 0-0: Called Strike
0-1: Ball
1-1: SINGLE (Flyball, 8RS, EV 91.3 MPH)
Batting: RHB José Gutiérrez 0-0: Ball
1-0: Ball
2-0: Ball
3-0: Base on Balls
Alain Verdier to second
Batting: RHB Luis Aguilera 0-0: Called Strike
0-1: Fly out, F7 (Flyball, 78S, EV 80.6 MPH)
Batting: RHB Artie Russell 0-0: Ball
1-0: Ball
2-0: Ball
3-0: Base on Balls
Alain Verdier to third
José Gutiérrez to second
Batting: SHB Don Pierce 0-0: Foul Ball, location: 2F
0-1: Swinging Strike
0-2: Fielders Choice at 2nd, 6-4 (Groundball, 6, EV 104.4 MPH)
Top of the 6th over - 0 runs, 1 hit, 0 errors, 3 left on base; DSL Chicago (A) 10 - DSL Ottawa 0
BOTTOM OF THE 6TH
DSL Ottawa Lynx batting - Pitching for DSL Chicago (A) White Sox : RHP Arturo Delgado
Batting: RHB Luis Muxo 0-0: Swinging Strike
0-1: Ground out 5-3 (Groundball, 56, EV 98.8 MPH)
Batting: SHB Leonardo Pineda 0-0: Called Strike
0-1: Ball
1-1: Ball
2-1: Fly out, F8 (Flyball, 8RM, EV 91.3 MPH)
Batting: LHB Sergio Soriano 0-0: Called Strike
0-1: Swinging Strike
0-2: Foul Ball, location: 5F
0-2: Ball
1-2: Foul Ball, location: 5FF
1-2: Strikes out looking
Bottom of the 6th over - 0 runs, 0 hits, 0 errors, 0 left on base; DSL Chicago (A) 10 - DSL Ottawa 0
TOP OF THE 7TH
DSL Chicago (A) White Sox batting - Pitching for DSL Ottawa Lynx : RHP Jorge Colón
Pinch Hitting: RHB Jerry Taylor 0-0: Ball
1-0: Swinging Strike
1-1: Ball
2-1: Ball
3-1: Base on Balls
Batting: SHB Erik Byrd 0-0: Ball
1-0: Swinging Strike
1-1: Foul Ball, location: 2F
1-2: Ball
2-2: Strikes out swinging
Pitching: RHP Rodrigo Rodríguez
Pinch Hitting: RHB José Navarro 0-0: Grounds into double play, 5-4-3 (Groundball, 56, EV 82.5 MPH)
Top of the 7th over - 0 runs, 0 hits, 0 errors, 0 left on base; DSL Chicago (A) 10 - DSL Ottawa 0
BOTTOM OF THE 7TH
DSL Ottawa Lynx batting - Pitching for DSL Chicago (A) White Sox : RHP Arturo Delgado
Now at 1B: Jerry Taylor
Now in LF: Ron Collins
Batting: RHB Ricky Fleming 0-0: Ball
1-0: Ball
2-0: Called Strike
2-1: Called Strike
2-2: Strikes out swinging
Pitching: RHP Manny Aponte
Batting: LHB José Acosta 0-0: Called Strike
0-1: Called Strike
0-2: Strikes out looking
Batting: SHB Doug Shaw 0-0: Called Strike
0-1: Swinging Strike
0-2: Strikes out swinging, 2-3 out at first.
Bottom of the 7th over - 0 runs, 0 hits, 0 errors, 0 left on base; DSL Chicago (A) 10 - DSL Ottawa 0
TOP OF THE 8TH
DSL Chicago (A) White Sox batting - Pitching for DSL Ottawa Lynx : RHP Rodrigo Rodríguez
Batting: LHB José Morán 0-0: Ball
1-0: Ground out 6-3 (Groundball, 6, EV 105.0 MPH)
Batting: RHB Alain Verdier 0-0: DOUBLE (Line Drive, 9LM, EV 95.6 MPH)
Batting: RHB José Gutiérrez 0-0: Ball
1-0: Foul Ball, location: 2F
1-1: Swinging Strike
1-2: Ball
2-2: 2-RUN HOME RUN (Flyball, 7LD, EV 91.9 MPH), Distance : 332 ft
Batting: RHB Luis Aguilera 0-0: Called Strike
0-1: Fly out, F7 (Line Drive, 78M, EV 107.5 MPH)
Batting: RHB Artie Russell 0-0: Ball
1-0: Ball
2-0: Ball
3-0: Called Strike
3-1: Called Strike
3-2: Strikes out swinging
Top of the 8th over - 2 runs, 2 hits, 0 errors, 0 left on base; DSL Chicago (A) 12 - DSL Ottawa 0
BOTTOM OF THE 8TH
DSL Ottawa Lynx batting - Pitching for DSL Chicago (A) White Sox : RHP Manny Aponte
Batting: LHB Bernardo Esparza 0-0: Ball
1-0: Foul Ball, location: 23F
1-1: Ball
2-1: Ball
3-1: Base on Balls
Pinch Hitting: LHB Sam Morris 0-0: Ball
1-0: Swinging Strike
1-1: Called Strike
1-2: Strikes out looking
Batting: LHB José Ramos 0-0: Swinging Strike
0-1: Called Strike
0-2: Ball
1-2: Strikes out looking
Batting: RHB Luis Muxo 0-0: Called Strike
0-1: Called Strike
0-2: Strikes out swinging
Bottom of the 8th over - 0 runs, 0 hits, 0 errors, 1 left on base; DSL Chicago (A) 12 - DSL Ottawa 0
TOP OF THE 9TH
DSL Chicago (A) White Sox batting - Pitching for DSL Ottawa Lynx : RHP Rodrigo Rodríguez
Now at 2B: Jorge Villegas
Batting: SHB Don Pierce 0-0: Called Strike
0-1: Foul Ball, location: 2F
0-2: Ball
1-2: Ball
2-2: Ball
3-2: Foul Ball, location: 7LMF
3-2: Foul Ball, location: 9LSF
3-2: Strikes out looking
Pinch Hitting: RHB Pat Manley 0-0: Called Strike
0-1: Ball
1-1: Ground out U3 (Groundball, 34, EV 87.5 MPH)
Pinch Hitting: RHB Gino Tadini 0-0: Swinging Strike
0-1: Ball
1-1: SINGLE (Flyball, 9, EV 86.3 MPH)
Pinch Hitting: LHB Chris Scott 0-0: Ball
1-0: Ball
2-0: Called Strike
2-1: Foul Ball, location: 7LSF
2-2: Ball
3-2: Strikes out looking
Top of the 9th over - 0 runs, 1 hit, 0 errors, 1 left on base; DSL Chicago (A) 12 - DSL Ottawa 0
BOTTOM OF THE 9TH
DSL Ottawa Lynx batting - Pitching for DSL Chicago (A) White Sox : RHP Manny Aponte
Now at C: Joe Guthrie
Now at 1B: Pat Manley
Now in LF: Gino Tadini
Pinch Hitting: LHB Tomás Flores 0-0: Ball
1-0: Swinging Strike
1-1: Ball
2-1: Called Strike
2-2: Ball
3-2: Strikes out swinging
Batting: LHB Sergio Soriano 0-0: Ball
1-0: Called Strike
1-1: Ball
2-1: Swinging Strike
2-2: Strikes out looking
Pinch Hitting: RHB José Velázquez 0-0: Called Strike
0-1: Foul Ball, location: 9LDF
0-2: Foul Ball, location: 23FF
0-2: Ball
1-2: Ball
2-2: Ball
3-2: Foul Ball, location: 2F
3-2: Strikes out swinging
Bottom of the 9th over - 0 runs, 0 hits, 0 errors, 0 left on base; DSL Chicago (A) 12 - DSL Ottawa 0
Friday, May 3rd , 2024 - OOTP Baseball 24.10 Build 82